Map: Oxide LE

Players

INnoVation

  • Race: Terran Terran
  • League: Master

Maru - Winner!

  • Race: Terran Terran
  • League: Master

Event: DreamHack SC2 Masters 2021 Summer

VOD

https://youtu.be/54wY8FzbM0E?t=936

Description

Time

  • Played on: July 4, 2021, 9:26 a.m.
  • Length: 8:14

All games in this series

Show
View Real Time Build Order
Export as new Build Order

INnoVation Terran 

Build Orders:  

Get SALT Encoding   

  12  0:00  SCV  
  13  0:12  SCV  
  14  0:17  Supply Depot  
  14  0:24  SCV  
  15  0:38  SCV  
  15  0:40  Barracks  
  16  0:43  Refinery  
  16  0:50  SCV  
  16  0:52  Refinery  
  17  1:02  SCV  
  18  1:15  SCV  
  19  1:27  Reaper, Orbital Command  
  19  1:28  Supply Depot  
  20  1:40  Factory  
  20  1:53  SCV  
  21  1:59  Reaper  
  22  2:05  SCV  
  23  2:15  Command Center  
  23  2:17  SCV  
  24  2:24  Hellion  
  24  2:29  SCV  
  27  2:31  Barracks Reactor  
  27  2:40  Supply Depot  
  27  2:41  SCV  
  28  2:46  Starport  
  28  2:49  Factory Tech Lab  
  28  2:53  SCV  
  29  3:05  SCV  
  30  3:07  Marine x2  
  32  3:15  Refinery, Factory Tech Lab  
  32  3:17  SCV  
  33  3:25  Marine  
  35  3:27  Orbital Command  
  35  3:28  Banshee  
  35  3:31  SCV  
  38  3:37  Siege Tank  
  41  3:42  Marine  
  41  3:43  Marine  
  41  3:48  SCV  
  44  3:53  SCV  
  45  4:00  SCV, Marine  
  45  4:01  Marine  
  48  4:04  Supply Depot  
  48  4:06  SCV  
  49  4:10  Siege Tank  
  49  4:12  SCV  
  53  4:24  SCV  
  54  4:31  Supply Depot  
  54  4:37  Supply Depot  
  54  4:45  Supply Depot  
  54  4:52  Marine, Viking x2, Siege Tank  
  62  4:58  SCV x2  
  64  5:10  SCV x2  
  64  5:11  Marine  
  64  5:12  Stimpack  
  67  5:15  Supply Depot  
  67  5:22  SCV, Viking x2  
  67  5:23  SCV  
  67  5:25  Siege Tank  
  76  5:30  Marine  
  76  5:31  Supply Depot  
  76  5:35  SCV  
  78  5:37  SCV  
  79  5:47  SCV  
  79  5:48  Marine  
  79  5:49  SCV, Supply Depot  
  82  5:52  Viking x2  
  86  5:58  Siege Tank  
  86  5:59  SCV  
  86  6:01  SCV  
  86  6:04  Refinery, Supply Depot  
  91  6:08  Marine  
  91  6:11  SCV  
  93  6:12  Supply Depot  
  93  6:13  SCV  
  92  6:22  Viking x2  
  92  6:23  SCV  
  97  6:27  Supply Depot  
  97  6:33  SCV  
  97  6:35  SCV  
  97  6:38  Barracks  
  97  6:39  Barracks, Siege Tank  
  101  6:46  Marine  
  77  6:53  Viking x2  
  67  7:02  Engineering Bay  
  67  7:04  Marine, Engineering Bay  
  68  7:12  Siege Tank  
  66  7:21  Marine  
  65  7:23  Viking x2  
  62  7:34  Barracks Reactor  
  62  7:35  Barracks Reactor, Barracks  
  54  7:39  Barracks, Marine  
Show
View Real Time Build Order
Export as new Build Order

Maru Terran - Winner!

Build Orders:  

Get SALT Encoding   

  12  0:00  SCV  
  13  0:12  SCV  
  14  0:17  Supply Depot  
  14  0:24  SCV  
  15  0:38  SCV  
  15  0:39  Barracks  
  16  0:44  Refinery  
  16  0:50  SCV  
  16  0:52  Refinery  
  17  1:02  SCV  
  18  1:15  SCV  
  19  1:27  Orbital Command, Supply Depot, Reaper  
  20  1:44  Factory  
  20  1:52  SCV  
  21  1:59  Reaper  
  22  2:04  SCV  
  23  2:16  SCV  
  23  2:21  Command Center  
  24  2:28  Hellion  
  24  2:29  SCV  
  27  2:36  Barracks Reactor  
  27  2:41  Starport  
  27  2:43  SCV  
  28  2:48  Supply Depot  
  28  2:52  Factory Tech Lab  
  28  2:55  SCV  
  29  3:08  SCV  
  29  3:10  Siege Tank  
  33  3:13  Marine x2  
  33  3:18  Medivac  
  37  3:21  SCV  
  38  3:31  Marine  
  38  3:33  SCV, Marine  
  41  3:36  Orbital Command  
  41  3:39  Refinery  
  41  3:45  SCV  
  45  3:48  Cyclone  
  45  3:50  Starport Tech Lab  
  45  3:56  Marine x2  
  45  3:58  SCV  
  49  4:02  SCV  
  49  4:03  Supply Depot  
  49  4:10  SCV  
  49  4:14  Raven  
  49  4:16  SCV  
  53  4:22  SCV  
  54  4:24  Supply Depot  
  54  4:28  SCV  
  55  4:32  Siege Tank  
  55  4:34  SCV  
  55  4:35  Refinery  
  58  4:38  Marine  
  58  4:39  Marine  
  58  4:42  SCV  
  58  4:45  Supply Depot  
  61  4:46  SCV  
  61  4:49  Starport  
  62  4:54  SCV  
  62  4:58  SCV  
  64  5:07  SCV  
  65  5:09  Viking  
  65  5:10  Viking  
  65  5:11  SCV  
  70  5:15  Siege Tank  
  70  5:18  Supply Depot  
  70  5:19  SCV  
  74  5:23  SCV  
  74  5:25  Viking  
  77  5:31  SCV  
  77  5:35  SCV  
  78  5:40  Viking x2  
  82  5:53  Command Center  
  82  5:57  Viking  
  82  6:03  Marine  
  85  6:05  SCV  
  85  6:08  Supply Depot  
  85  6:09  Supply Depot  
  84  6:13  Viking  
  86  6:24  Barracks  
  86  6:25  Barracks  
  86  6:29  Viking  
  86  6:30  Siege Tank  
  86  6:32  Marine  
  91  6:34  Viking  
  93  6:43  Viking  
  82  6:49  SCV  
  82  6:50  Marine  
  82  6:51  SCV  
  75  7:01  SCV  
  75  7:02  Siege Tank  
  75  7:03  SCV  
  75  7:07  Marine  
  81  7:11  Viking x2  
  81  7:14  Barracks Reactor  
  81  7:15  Barracks Reactor  
  81  7:20  Orbital Command  
  81  7:24  Engineering Bay  
  81  7:25  Marine  
  81  7:26  Engineering Bay  
  80  7:30  Viking  
  80  7:35  SCV  
  80  7:41  Viking  
  80  7:42  Siege Tank  
  80  7:43  Marine  
  84  7:45  SCV  
  85  7:47  SCV  
Tags
 
Add a new tag
Caveats
  • Supply blocks, unpowered buildings, or Contaminate may cause inaccurate times.
  • Supply counts are checked every 10 seconds.